 Dungeon Sprint DCSS version 0.27.1-33-g824d729ab1 (webtiles) character file.

Game seed: 17488781733177531378

27160 manyhoops the Phalangite (level 13, 0/181 HPs)
             Began as a Merfolk Gladiator on Nov 24, 2021.
             Was a High Priest of Okawaru.
             Engulfed by Lom Lobon's freezing vapour (1 damage)
             ... in the Dungeon (Sprint I: "Red Sonja").
             The game lasted 00:48:47 (9134 turns).

manyhoops the Phalangite (Merfolk Gladiator)        Turns: 9134, Time: 00:48:48

Health: 0/181      AC: 28    Str: 11    XL:     13   Next: 30%
Magic:  11/17      EV: 40    Int: 15    God:    Okawaru [*****.]
Gold:   1132       SH: 13    Dex: 30    Spells: 8/12 levels left

rFire    + + .     SeeInvis +   u - +4 demon trident (elec)
rCold    + + .     Faith    +   f - +3 buckler "Xudeus" {rF+ Int+3 Dex+3 Stlth+}
rNeg     + . .     Spirit   .   x - +8 ring mail "Yco Cuda" {rElec rF+ Int+3}
rPois    .         Reflect  .   i - +2 helmet {SInv}
rElec    +         Harm     .   (no cloak)
rCorr    .         Rampage  +   w - +1 pair of gloves {Dex+3}
Will     .....     Clarity  +   n - +3 pair of boots "Goreih" {Rampage} Stlth ..........NoTele +
                                E - amulet "Xenio" {Faith rC+ rN+}
HPRegen  0.40/turn              F - +6 ring of dexterity
MPRegen  0.15/turn              K - ring of protection from cold

@: berserking, heroic, unable to read, flying (expiring), very quick
A: nimble swimmer 2, mertail, iridescent scales 1, clarity, screaming 2, weak 2,
inability to read while threatened
a: Renounce Religion, Heroism, Finesse


You were in the Dungeon.
You worshipped Okawaru.
Okawaru was extremely pleased with you.
You visited 1 branch You collected 6362 gold pieces.
You spent 5230 gold pieces at shops.

Inventory:

Hand Weapons
 m - the +0 hunting sling of Pogiak {vorpal, Str+4}
   (You found it in the Dungeon)

   Any ammunition fired from it inflicts extra damage upon your enemies.
   Str:       It affects your strength (+4).
 u - a +4 demon trident of electrocution (weapon)
Missiles
 k - a curare-tipped dart (quivered)
 q - 71 stones
 G - 6 boomerangs
 J - 15 poisoned darts
Armour
 c - the +1 scale mail of Sandy the Leaf {rCorr MP+9 SInv}
   (You bought it in a shop in the Dungeon)

   MP:        It affects your magic capacity (+9).
   SInv:      It lets you see invisible.
   rCorr:     It protects you from acid and corrosion.
 f - the +3 buckler "Xudeus" (worn) {rF+ Int+3 Dex+3 Stlth+}
   (You bought it in a shop in the Dungeon)

   Int:       It affects your intelligence (+3).
   Dex:       It affects your dexterity (+3).
   rF:        It protects you from fire.
   Stlth:     It makes you more stealthy.
 i - a +2 helmet of see invisible (worn)
 l - the +2 ring mail of the Salamander {rF+ rC+}
   (You bought it in a shop in the Dungeon)

   rF:        It protects you from fire.
   rC:        It protects you from cold.
 n - the +3 pair of boots "Goreih" (worn) {Rampage}
   (You bought it in a shop in the Dungeon)

   Rampage:   It bestows one free step when moving towards enemies.
 t - the +7 plate armour "Huymp" {rC+ Int+6}
   (You found it in the Dungeon)

   Int:       It affects your intelligence (+6).
   rC:        It protects you from cold.
 w - a +1 pair of gloves of dexterity (worn)
 x - the +8 ring mail "Yco Cuda" (worn) {rElec rF+ Int+3}
   (You bought it in a shop in the Dungeon)

   Int:       It affects your intelligence (+3).
   rF:        It protects you from fire.
   rElec:     It insulates you from electricity.
 D - the +4 ring mail of Qequ {rF+++ Will+ Slay-5}
   (You bought it in a shop in the Dungeon)

   Slay:      It affects your accuracy & damage with ranged weapons and melee
   (-5).
   rF:        It renders you almost immune to fire.
   Will:      It increases your willpower.
 I - +0 gold dragon scales
Jewellery
 b - an amulet of regeneration
 E - the amulet "Xenio" (around neck) {Faith rC+ rN+}
   (You bought it in a shop in the Dungeon)

   [amulet of faith]

   It allows you to gain divine favour quickly.
   rC:        It protects you from cold.
   rN:        It protects you from negative energy.
 F - a +6 ring of dexterity (left hand)
 K - a ring of protection from cold (right hand)
Wands
 H - a wand of iceblast (12)
Scrolls
 j - 3 scrolls of blinking
 p - a scroll of amnesia
 r - a scroll of enchant armour
 y - 2 scrolls of identify
 z - a scroll of immolation
 C - a scroll of summoning
Potions
 d - a potion of attraction
 e - 5 potions of curing
 g - 3 potions of haste
 h - 2 potions of magic
 o - 3 potions of lignification
 s - a potion of cancellation
 v - a potion of invisibility
Miscellaneous
 A - a tin of tremorstones (2/2)
 B - a condenser vane


   Skills:
 - Level 17.5(22.5) Fighting
 - Level 23.2(27) Polearms
 - Level 2.0(7.0) Throwing
 - Level 7.7(12.7) Armour
 - Level 17.6(22.6) Dodging
 + Level 15.2(20.2) Stealth
 - Level 11.0(16.0) Shields
 - Level 6.0 Invocations


You had 8 spell levels left.
You knew the following spells:

 Your Spells              Type           Power      Damage    Failure   Level
a - Sticky Flame          Conj/Fire      0%         2d3       99%         4

Your spell library contained the following spells:

 Spells                   Type           Power      Damage    Failure   Level
 Corpse Rot               Necr/Air       N/A        N/A       61%         2
 Poisonous Vapours        Pois/Air       0%         N/A       61%         2
 Conjure Flame            Conj/Fire      0%         6-21      83%         3
 Ignite Poison            Fire/Tmut/Pois 0%         N/A       83%         3
 Animate Armour           Summ/Erth      0%         N/A       99%         4
 Blade Hands              Tmut           0%         N/A       100%        5
 Freezing Cloud           Conj/Ice/Air   0%         6-21      100%        5
 Iron Shot                Conj/Erth      0%         9d1       100%        6


Dungeon Overview and Level Annotations

Branches:
Dungeon (1/1)

Altars:
Cheibriados
Dithmenos
Elyvilon
Fedhas
Gozag
Hepliaklqana
Kikubaaqudgha
Makhleb
Nemelex Xobeh
Okawaru
Qazlal
Ru
Sif Muna
Trog
Uskayaw
Vehumet
Wu Jian
Xom
Yredelemnul
Zin
The Shining One
Jiyva
Lugonu

Shops:
D (([***?[[(=![(([[?([[*

Annotations:
D Lom Lobon, Tiamat


Innate Abilities, Weirdness & Mutations

You are quick and stealthy near water. (Stealth+, EV+, Speed+++)
Your lower body shifts to a powerful aquatic tail in water.
You are partially covered in iridescent scales. (AC +2)
You possess an exceptional clarity of mind.
You frequently scream uncontrollably at your foes.
You are very weak. (Str -4)
You sometimes lose the ability to read scrolls when taking damage.


Message History

* * * LOW HITPOINT WARNING * * *
Lom Lobon gestures at you.
Lom Lobon conjures a mighty blast of ice!
The great icy blast engulfs you!!! You partially resist.
* * * LOW HITPOINT WARNING * * *
Unknown command.
You puncture Lom Lobon!
Lom Lobon is lightly wounded.
You are engulfed in freezing vapours.
You resist.
You closely miss Lom Lobon.
Your tail-slap misses Lom Lobon.
Lom Lobon is lightly wounded.
You are engulfed in freezing vapours.
You resist.
You hit Lom Lobon.
Lom Lobon is lightly wounded.
You are engulfed in freezing vapours.
You resist.
* * * LOW HITPOINT WARNING * * *
Lom Lobon gestures.
A freezing vortex appears around Lom Lobon!
You closely miss Lom Lobon.
You tail-slap Lom Lobon, but do no damage.
Lom Lobon is lightly wounded.
You are engulfed in freezing vapours.
You resist.
* * * LOW HITPOINT WARNING * * *
You impale Lom Lobon!!
Your tail-slap misses Lom Lobon.
Lom Lobon is lightly wounded.
You are engulfed in freezing vapours.
You resist. The ice encasing you melts away.
You completely miss Lom Lobon.
You tail-slap Lom Lobon, but do no damage.
Lom Lobon is lightly wounded.
You are engulfed in freezing vapours.
You resist. The freezing vortex lifts you up.
Your tail turns into legs as you fly out of the water.
The +3 pair of boots "Goreih" {Rampage} unmelds from your body.
* * * LOW HITPOINT WARNING * * *
Lom Lobon hits you but does no damage.
You barely miss Lom Lobon.
Lom Lobon is lightly wounded.
You are engulfed in freezing vapours.
You resist.
You die...

..#.###..#§§§.§.§.....#.#
..#.#.'..##^..§§§....##.#
###'#.##'##.§....§§..#..#
....#.#≈≈≈##........##..#
.####^#≈≈≈≈##[.)...##.(.#
##,,°^#≈≈≈≈≈########°○○○#
^,,°####≈≈≈≈#§≈§§§#.○.°.#
,,°°*,,#'≈≈≈§§§°§§§.°°°.#
.°°,#.$.##≈≈#§§§@§#○°°..#
*.○,#...,######&#####≈≈≈#
&.^^#...,#≈≈≈§§§☼°§§##≈≈#
°.○*#######≈§§§°§§○°○§≈≈#
.°*°○§☼#).+.○§§§§§§§☼#≈≈#
..°°#°*'.)#....§§☼§§§☼#≈#
###*#####################


You could see Lom Lobon (vortex).

Vanquished Creatures
  A golden dragon (D)
  A shadow dragon (D)
  4 fire giants (D)
  A lorocyproca (D)
  A deep elf annihilator (D)
  A mummy priest (D)
  A hydra (D)
  2 centaur warriors (D)
  Sonja (D)
  A deep troll (D)
  A lindwurm (D)
  8 shining eyes (D)
  2 oklob plants (D)
  A merfolk siren (D)
  A gargoyle (D)
  2 kobold demonologists (D)
  7 unseen horrors (D)
  4 demonic crawlers (D)
  A hornet (D)
  A slime creature (D)
  2 redbacks (D)
  Sigmund (D)
  A yak (D)
  13 hogs (D)
  7 floating eyes (D)
  7 necrophages (D)
  An ogre (D)
  8 jellies (D)
  Ijyb (D)
  2 ballistomycete spores (D)
85 creatures vanquished.

Vanquished Creatures (others)
  the Lernaean hydra (D)
  A deep elf master archer (D)
  A merfolk siren (D)
  A gargoyle (D)
  A hellwing (D)
  4 hornets (D)
  4 ball lightnings (D)
  A block of ice (D)
14 creatures vanquished.

Grand Total: 99 creatures vanquished

Notes
Turn   | Place    | Note
-------+----------+-------------------------------------------
     0 | D        | manyhoops the Merfolk Gladiator began the quest for the
                  | Orb.
     0 | D        | Reached XP level 1. HP: 16/16 MP: 1/1
     2 | D        | Noticed Ijyb
    13 | D        | Killed Ijyb
    14 | D        | Reached skill level 7 in Polearms
    14 | D        | Reached skill level 5 in Dodging
    14 | D        | Reached skill level 1 in Stealth
    14 | D        | Reached XP level 2. HP: 19/24 MP: 2/2
    80 | D        | Noticed an ogre
    91 | D        | Killed an ogre
    92 | D        | Reached skill level 10 in Polearms
    92 | D        | Reached XP level 3. HP: 30/30 MP: 3/3
    92 | D        | Reached XP level 4. HP: 37/37 MP: 4/4
   103 | D        | Noticed Sigmund
   109 | D        | Killed Sigmund
   110 | D        | Reached skill level 5 in Fighting
   110 | D        | Reached skill level 12 in Polearms
   110 | D        | Reached XP level 5. HP: 44/44 MP: 5/5
   110 | D        | Reached XP level 6. HP: 51/51 MP: 6/6
   124 | D        | Found a shimmering blue altar of Sif Muna.
   125 | D        | Found an ornate altar of the Wu Jian Council.
   126 | D        | Found a radiant altar of Vehumet.
   154 | D        | Found Amier's Assorted Antiques.
   154 | D        | Found an ancient bone altar of Kikubaaqudgha.
   154 | D        | Found a stormy altar of Qazlal.
   154 | D        | Found a blossoming altar of Fedhas.
   154 | D        | Found a bloodstained altar of Trog.
   154 | D        | Found an iron altar of Okawaru.
   154 | D        | Found a glowing golden altar of the Shining One.
   154 | D        | Found a glowing silver altar of Zin.
   154 | D        | Found a white marble altar of Elyvilon.
   154 | D        | Noticed a yak
   165 | D        | Killed a yak
   166 | D        | Reached skill level 14 in Polearms
   166 | D        | Reached skill level 5 in Stealth
   166 | D        | Found a hazy altar of Hepliaklqana.
   166 | D        | Found a hide-covered altar of Uskayaw.
   166 | D        | Found a basalt altar of Yredelemnul.
   166 | D        | Found an opulent altar of Gozag.
   166 | D        | Found a snail-covered altar of Cheibriados.
   166 | D        | Found a sacrificial altar of Ru.
   166 | D        | Found a shadowy altar of Dithmenos.
   167 | D        | Found a sparkling altar of Nemelex Xobeh.
   176 | D        | Became a worshipper of Warmaster Okawaru
   209 | D        | Bought a glimmering ring mail for 225 gold pieces
   209 | D        | Identified the +2 ring mail of the Salamander {rF+ rC+}
                  | (You bought it in a shop in the Dungeon)
   278 | D        | Found a viscous altar of Jiyva.
   278 | D        | Found a corrupted altar of Lugonu.
   278 | D        | Noticed a slime creature
   279 | D        | Found a burning altar of Makhleb.
   279 | D        | Found a shimmering altar of Xom.
   292 | D        | Killed a slime creature
   292 | D        | Reached * piety under Okawaru
   293 | D        | Reached XP level 7. HP: 59/59 MP: 7/7
   321 | D        | Bought a twisted silver amulet for 125 gold pieces
   348 | D        | Noticed a centaur warrior
   719 | D        | Noticed Sonja
   724 | D        | Killed Sonja
   724 | D        | Reached ** piety under Okawaru
   725 | D        | Reached XP level 8. HP: 57/68 MP: 8/8
   768 | D        | Found Egic's Antique Weapon Boutique.
   788 | D        | Noticed a deep troll
   811 | D        | Killed a deep troll
   811 | D        | Reached *** piety under Okawaru
   811 | D        | Reached **** piety under Okawaru
   812 | D        | Reached skill level 5 in Armour
   812 | D        | Reached XP level 9. HP: 39/76 MP: 9/9
   909 | D        | Bought a scroll labelled YNASUTZ GEUPEAG for 25 gold pieces
   909 | D        | Bought a scroll labelled YNASUTZ GEUPEAG for 25 gold pieces
   909 | D        | Bought a pair of glowing gloves for 187 gold pieces
   909 | D        | Bought a bubbling dark potion for 22 gold pieces
   939 | D        | Found Rezenk's Armour Emporium.
   955 | D        | Noticed a centaur warrior
  1067 | D        | Killed a centaur warrior
  1068 | D        | Reached skill level 15 in Dodging
  1078 | D        | Killed a centaur warrior
  1153 | D        | Noticed a hornet
  1160 | D        | Killed a hornet
  1160 | D        | Reached ***** piety under Okawaru
  1176 | D        | Noticed an oklob plant
  1212 | D        | Killed an oklob plant
  1213 | D        | Reached XP level 10. HP: 74/92 MP: 10/10
  1284 | D        | Received a gift from Okawaru
  1441 | D        | Bought a +0 pair of boots for 45 gold pieces
  1501 | D        | Noticed an unseen horror
  1502 | D        | Noticed an unseen horror
  1520 | D        | Killed an unseen horror
  1546 | D        | Killed an unseen horror
  1653 | D        | Killed a gargoyle
  1762 | D        | Found Peom's Antique Armour Shoppe.
  1824 | D        | Found Afun's Magic Scroll Boutique.
  1824 | D        | Found Pimearum's Antique Armour Emporium.
  1824 | D        | Found Wisuvell's Weapon Emporium.
  1847 | D        | Found Hifu's Magic Scroll Shop.
  1848 | D        | Found Agemoefo's Antique Armour Boutique.
  1878 | D        | Identified the +7 plate armour "Huymp" {rC+ Int+6}
  1890 | D        | Found Vymuh's Antique Weapon Emporium.
  1890 | D        | Found Qul Kixad's Jewellery Shop.
  1890 | D        | Found Soonie's Distillery.
  1890 | D        | Found Hoadgh's Antique Armour Boutique.
  1890 | D        | Found Abryx's Antique Weapon Emporium.
  1890 | D        | Found Tiepuhes's Antique Weapon Shop.
  1890 | D        | Found Rofy's Antique Armour Shoppe.
  1893 | D        | Found Fuyr Wio's Armour Boutique.
  1905 | D        | Bought a potion of berserk rage for 70 gold pieces
  1910 | D        | Bought the +3 buckler "Xudeus" {rF+ Int+3 Dex+3 Stlth+} for
                  | 586 gold pieces
  2051 | D        | Bought a scroll of identify for 22 gold pieces
  2051 | D        | Bought a scroll of identify for 22 gold pieces
  2058 | D        | Bought a potion of berserk rage for 70 gold pieces
  2060 | D        | Bought a potion of mutation for 112 gold pieces
  2060 | D        | Gained mutation: Your movements are slightly less
                  | encumbered by armour. (ER -2) [potion of mutation]
  2060 | D        | Gained mutation: You occasionally shout uncontrollably at
                  | your foes. [potion of mutation]
  2102 | D        | Noticed a kobold demonologist
  2102 | D        | Noticed a kobold demonologist
  2104 | D        | Reached skill level 1 in Shields
  2111 | D        | Noticed a sixfirhy
  2112 | D        | Killed a kobold demonologist
  2118 | D        | Killed a kobold demonologist
  2119 | D        | Reached skill level 5 in Shields
  2141 | D        | Noticed a shining eye
  2141 | D        | Noticed a shining eye
  2141 | D        | Noticed a shining eye
  2143 | D        | Gained mutation: Armour fits poorly on your strangely
                  | shaped body. [a shining eye]
  2143 | D        | Noticed a shining eye
  2146 | D        | Paralysed by a floating eye for 2 turns
  2147 | D        | Noticed a shining eye
  2159 | D        | Paralysed by a floating eye for 2 turns
  2346 | D        | Gained mutation: You frequently scream uncontrollably at
                  | your foes. [a shining eye]
  2353 | D        | Killed a shining eye
  2354 | D        | Reached XP level 11. HP: 101/101 MP: 7/15
  2390 | D        | Killed a shining eye
  2461 | D        | Noticed a shining eye
  2468 | D        | Killed a shining eye
  2493 | D        | Killed a shining eye
  2494 | D        | Reached skill level 10 in Shields
  2543 | D        | Gained mutation: You are weak. (Str -2) [a shining eye]
  2545 | D        | Killed a shining eye
  2692 | D        | Noticed a shining eye
  2692 | D        | Noticed a shining eye
  2700 | D        | Gained mutation: Your magical capacity is low. (-10% MP) [a
                  | shining eye]
  2700 | D        | Lost mutation: Your magical capacity is low. (-10% MP) [a
                  | shining eye]
  2709 | D        | Killed a shining eye
  2711 | D        | Gained mutation: Your body sometimes deteriorates upon
                  | taking damage. [a shining eye]
  2716 | D        | Gained mutation: You are dopey. (Int -2) [a shining eye]
  2719 | D        | Lost mutation: Armour fits poorly on your strangely shaped
                  | body. [a shining eye]
  2720 | D        | Killed a shining eye
  2721 | D        | Reached skill level 15 in Fighting
  2812 | D        | Gained mutation: You are very weak. (Str -4) [a shining
                  | eye]
  2814 | D        | Gained mutation: You sometimes lose the ability to read
                  | scrolls when taking damage. [a shining eye]
  2822 | D        | Killed a shining eye
  3012 | D        | Lost mutation: You are dopey. (Int -2) [potion of mutation]
  3012 | D        | Lost mutation: Your movements are slightly less encumbered
                  | by armour. (ER -2) [potion of mutation]
  3012 | D        | Gained mutation: You are partially covered in iridescent
                  | scales. (AC +2) [potion of mutation]
  3012 | D        | Gained mutation: You possess an exceptional clarity of
                  | mind. [potion of mutation]
  3012 | D        | Lost mutation: Your body sometimes deteriorates upon taking
                  | damage. [potion of mutation]
  3738 | D        | Noticed a lindwurm
  3748 | D        | Killed a lindwurm
  3749 | D        | Reached skill level 10 in Stealth
  3879 | D        | Received a gift from Okawaru
  4032 | D        | Bought a scroll of enchant weapon for 82 gold pieces
  4054 | D        | Killed the 27-headed Lernaean hydra
  4072 | D        | Killed a deep elf master archer
  4081 | D        | Found Cest's Antique Weapon Shoppe.
  4081 | D        | Found Ohong's General Store.
  4081 | D        | Found Pimuad's Armour Emporium.
  4082 | D        | Found Furaelum's General Store.
  4149 | D        | Noticed a daeva
  4900 | D        | Noticed a 12-headed hydra
  4904 | D        | Reached XP level 12. HP: 114/114 MP: 16/16
  4911 | D        | Killed a 12-headed hydra
  5060 | D        | Noticed a deep elf annihilator
  5154 | D        | Reached skill level 15 in Polearms
  5178 | D        | Reached skill level 16 in Polearms
  5768 | D        | Bought a scroll of acquirement for 572 gold pieces
  5768 | D        | Bought a scroll of enchant weapon for 82 gold pieces
  5769 | D        | Acquired a +2 demon trident of electrocution
  5831 | D        | Bought a scroll of enchant weapon for 82 gold pieces
  5890 | D        | Noticed a lorocyproca
  5914 | D        | Killed a lorocyproca
  5915 | D        | Reached skill level 17 in Polearms
  6246 | D        | Noticed a shadow dragon
  6246 | D        | Noticed a golden dragon
  6276 | D        | Reached skill level 18 in Polearms
  6280 | D        | Noticed a mummy priest
  6282 | D        | Killed a deep elf annihilator
  7061 | D        | Killed a mummy priest
  7062 | D        | Reached skill level 19 in Polearms
  7082 | D        | Identified the +0 hunting sling of Pogiak {vorpal, Str+4}
  7113 | D        | Noticed Lom Lobon
  7231 | D        | Bought a pair of embroidered gloves for 157 gold pieces
  7249 | D        | Bought a pair of shimmering boots for 228 gold pieces
  7249 | D        | Identified the +3 pair of boots "Goreih" {Rampage} (You
                  | bought it in a shop in the Dungeon)
  7270 | D        | Bought a jewelled scale mail for 243 gold pieces
  7270 | D        | Identified the +1 scale mail of Sandy the Leaf {rCorr MP+9
                  | SInv} (You bought it in a shop in the Dungeon)
  7273 | D        | Bought a bronze ring mail for 252 gold pieces
  7273 | D        | Identified the +8 ring mail "Yco Cuda" {rElec rF+ Int+3}
                  | (You bought it in a shop in the Dungeon)
  7503 | D        | Noticed a fire giant
  7506 | D        | Noticed a fire giant
  7507 | D        | Noticed a fire giant
  7507 | D        | Noticed a fire giant
  7516 | D        | Killed a fire giant
  7517 | D        | Reached skill level 20 in Polearms
  7522 | D        | Killed a fire giant
  7522 | D        | Received a gift from Okawaru
  7523 | D        | Reached skill level 21 in Polearms
  7528 | D        | Killed a fire giant
  7529 | D        | Reached skill level 22 in Polearms
  7532 | D        | Killed a fire giant
  7533 | D        | Reached skill level 23 in Polearms
  7533 | D        | Reached XP level 13. HP: 113/121 MP: 10/17
  7580 | D        | Found the +4 dragonskin cloak
  7580 | D        | Noticed Tiamat
  7692 | D        | Learned a level 4 spell: Sticky Flame
  7862 | D        | Identified the +4 hand crossbow of Wiam {flame, Fragile
                  | Will+ Str+2 Int+8}
  8041 | D        | Bought a scroll of blinking for 82 gold pieces
  8041 | D        | Bought a scroll of summoning for 104 gold pieces
  8042 | D        | Bought a fine ring mail for 144 gold pieces
  8042 | D        | Identified the +4 ring mail of Qequ {rF+++ Will+ Slay-5}
                  | (You bought it in a shop in the Dungeon)
  8079 | D        | Bought the amulet "Xenio" {Faith rC+ rN+} for 582 gold
                  | pieces
  8089 | D        | Bought a +6 ring of dexterity for 585 gold pieces
  8338 | D        | Bought an encrusted silver wand for 100 gold pieces
  8657 | D        | Killed a shadow dragon
  8682 | D        | Killed a golden dragon
  8682 | D        | Received a gift from Okawaru
  8683 | D        | Reached skill level 15 in Stealth
  8849 | D        | Found Timnocun's General Store.
  8865 | D        | Bought a ring of protection from cold for 350 gold pieces
  8865 | D        | Bought a scroll of magic mapping for 49 gold pieces
  9131 | D        | HP: 7/181 [Lom Lobon] (4)]
  9133 | D        | HP: 1/181 [Lom Lobon/vortex (6)]
  9134 | D        | Engulfed by Lom Lobon's freezing vapour

Illustrated notes

Levels and vault maps discovered:
D:        dungeon_sprint_1 [red_sonja_temple_1, red_sonja_temple_small_1]

Skill      XL: |  1  2  3  4  5  6  7  8  9 10 11 12 13 |
---------------+----------------------------------------+-----
Fighting       | 3 4 5 6 8 9 13 14 17 | 17.5
Polearms       | 7 10 12 14 23 | 23.2
Dodging        | 5 8 9 11 13 14 16 17 | 17.6
Stealth        | 1 3 7 8 12 15 | 15.2
Armour         | 4 5 6 7 |  7.7
Invocations    | 6 |  6.0
Shields        | 7 11 | 11.0
Throwing       | |  2.0

Action                   |  1- 3 |  4- 6 |  7- 9 | 10-12 | 13-15 || total
-------------------------+-------+-------+-------+-------+-------++-------
Melee: Trident           |    17 |    30 |    72 |   402 |       ||   521
       Tailslap          |       |       |       |     7 |     2 ||     9
       Demon trident     |       |       |       |    71 |    26 ||    97
Throw: Throwing net      |     3 |       |     1 |       |       ||     4
       Dart              |       |       |     4 |     1 |     1 ||     6
       Stone             |       |       |     1 |     3 |     1 ||     5
Invok: Heroism           |       |       |       |    18 |     2 ||    20
       Finesse           |       |       |       |     5 |     1 ||     6
  Use: Potion            |       |       |     2 |     3 |     1 ||     6
       Scroll            |       |       |       |    10 |     3 ||    13
 Stab: Sleeping          |     1 |     3 |     1 |     6 |     1 ||    12
       Held in net/web   |     1 |       |       |       |       ||     1
       Distracted        |       |       |       |     2 |     1 ||     3
Armor: Ring mail         |       |     2 |    19 |    67 |    14 ||   102
Dodge: Dodged            |     1 |    10 |    30 |   226 |     7 ||   274
Block: Buckler           |       |       |       |   121 |     9 ||   130
